 Dungeon Crawl Stone Soup version 0.30-a0-879-ga8ba668304 (webtiles) character file.

Game seed: 10142429712389641227

89887 Ijustatesigmund the Thaumaturge (level 15, -1/117 HPs)
             Began as a Gnoll Fire Elementalist on Mar 13, 2023.
             Was the Champion of Cheibriados.
             Slain by a demonic crawler (9 damage)
             ... on level 1 of the Spider Nest on Mar 14, 2023.
             The game lasted 01:22:18 (27790 turns).

Ijustatesigmund the Thaumaturge (GnFE)             Turns: 27790, Time: 01:22:19

Health: -1/117     AC: 23    Str: 22    XL:     15   Next: 98%
Magic:  2/30       EV: 31    Int: 49    God:    Cheibriados [******]
Gold:   270        SH:  5    Dex: 34    Spells: 12/37 levels left

rFire   . . .      SeeInvis +    u - +6 quarterstaff of Causality {drain, rElec rPois Int+3}
rCold   . . .      Faith    .    (shield currently unavailable)
rNeg    . . .      Spirit   .    a - +6 leather armour "Vepsan" {Dex+3 Slay+4}
rPois   +          Reflect  +    b - +2 helmet
rElec   +          Rampage  .    U - +1 cloak "Utyshras" {rElec Int+3 SInv Stlth+}
rCorr   .                        W - +2 pair of gloves {Dex+3}
Will    +....                    z - +2 pair of boots
Stlth   +++++++                  r - amulet of reflection
HPRegen 0.39/turn                e - +6 ring of intelligence
MPRegen 0.22/turn                n - +5 ring of evasion

@: studying 2 skills, very slow
A: fangs 1, strong nose, distributed training
a: Renounce Religion, Bend Time, Temporal Distortion, Slouch, Step From Time


You were on level 1 of the Spider Nest.
You worshipped Cheibriados.
Cheibriados was exalted by your worship.
You visited 4 branches of the dungeon, and saw 23 of its levels.
You visited 1 bazaar.
You also visited: Ossuary and Gauntlet.

You collected 2366 gold pieces.
You spent 2096 gold pieces at shops.

Inventory:

Hand Weapons
 d - a +2 eveningstar of protection
 t - the +12 pair of quick blades "Gyre" and "Gimble" {protect}
   (You took it off a minotaur in a Gauntlet)
 u - the +6 quarterstaff of Causality (weapon) {drain, rElec rPois Int+3}
   (You found it on level 6 of the Dungeon)

   Int:       It affects your intelligence (+3).
   rElec:     It insulates you from electricity.
   rPois:     It protects you from poison.
 C - a +3 scimitar of flaming
 E - the +10 war axe "Wubonloi" {drain, *Corrode rPois rN+ Dex+2}
   (You took it off an efreet on level 15 of the Dungeon)

   Dex:       It affects your dexterity (+2).
   rPois:     It protects you from poison.
   rN:        It protects you from negative energy.
   *Corrode:  It may corrode you when you take damage.
Armour
 a - the +6 leather armour "Vepsan" (worn) {Dex+3 Slay+4}
   (You found it on level 15 of the Dungeon)

   Dex:       It affects your dexterity (+3).
   Slay:      It affects your accuracy & damage with ranged weapons and melee
   (+4).
 b - a +2 helmet (worn)
 y - the +2 robe of the Trilobite {Contam rPois rC++ Int+3}
   (You found it on level 10 of the Dungeon)

   Int:       It affects your intelligence (+3).
   rC:        It greatly protects you from cold.
   rPois:     It protects you from poison.
   Contam:    It causes magical contamination when unequipped.
 z - a +2 pair of boots (worn)
 F - a +0 troll leather armour
 J - a +2 buckler
 L - a +1 tower shield of protection
 N - +0 swamp dragon scales
 U - the +1 cloak "Utyshras" (worn) {rElec Int+3 SInv Stlth+}
   (You found it on level 4 of the Lair of Beasts)

   Int:       It affects your intelligence (+3).
   rElec:     It insulates you from electricity.
   SInv:      It lets you see invisible.
   Stlth:     It makes you more stealthy.
 W - a +2 pair of gloves of dexterity (worn)
Jewellery
 e - a +6 ring of intelligence (left hand)
 h - a ring of resist corrosion
 n - a +5 ring of evasion (right hand)
 r - an amulet of reflection (around neck)
 w - a ring of magical power
 M - a +6 ring of strength
 S - a ring of protection from cold
Wands
 G - a wand of charming (8)
 K - a wand of acid (14)
 O - a wand of iceblast (10)
 V - a wand of polymorph (1)
Scrolls
 c - 11 scrolls of teleportation
 i - 7 scrolls of poison
 o - 6 scrolls of immolation
 p - 3 scrolls of amnesia
 D - 3 scrolls of fog
 H - 4 scrolls of blinking
 P - 2 scrolls of enchant weapon
 R - 2 scrolls of enchant armour
 T - a scroll of brand weapon
Potions
 f - 7 potions of haste
 g - 4 potions of might
 j - 2 potions of lignification
 k - 5 potions of brilliance
 l - 4 potions of flight
 m - 8 potions of curing
 q - 3 potions of attraction
 s - 4 potions of heal wounds
 v - 6 potions of mutation
 x - 3 potions of resistance
 A - a potion of cancellation
 B - 2 potions of magic
 Q - a potion of invisibility


   Skills:
 + Level 10.9 Fighting
 + Level 10.9 Short Blades
 + Level 10.9 Long Blades
 + Level 10.9 Axes
 + Level 10.9 Maces & Flails
 + Level 10.9 Polearms
 + Level 10.9 Staves
 + Level 10.9 Ranged Weapons
 + Level 10.9 Throwing
 + Level 10.9 Armour
 + Level 11.8 Dodging
 + Level 11.6 Stealth
 + Level 10.9 Shields
 + Level 10.9 Unarmed Combat
 + Level 11.9 Spellcasting
 + Level 9.4 Conjurations
 + Level 9.1 Hexes
 + Level 9.1 Summonings
 + Level 9.1 Necromancy
 + Level 9.1 Translocations
 + Level 9.1 Transmutations
 + Level 10.7 Fire Magic
 + Level 9.1 Ice Magic
 + Level 9.1 Air Magic
 + Level 9.1 Earth Magic
 + Level 9.1 Poison Magic
 + Level 11.9 Invocations
 + Level 11.0 Evocations


You had 12 spell levels left.
You knew the following spells:

 Your Spells              Type           Power      Damage    Failure   Level
a - Foxfire               Conj/Fire      100%       2x1d9     0%          1
b - Scorch                Fire           100%       2d10      0%          2
c - Poisonous Vapours     Pois/Air       100%       N/A       1%          2
d - Frozen Ramparts       Ice            100%       1d16      1%          3
e - Freezing Cloud        Conj/Ice/Air   44%        6-21      1%          5
f - Blink                 Tloc           100%       N/A       1%          2
g - Dispel Undead         Necr           88%        3d28      1%          4
h - Iron Shot             Conj/Erth      44%        9d9       3%          6

Your spell library contained the following spells:

 Spells                   Type           Power      Damage    Failure   Level
 Apportation              Tloc           100%       N/A       1%          1
 Beastly Appendage        Tmut           100%       N/A       1%          1
 Freeze                   Ice            100%       1d10      1%          1
 Kiss of Death            Conj/Necr      100%       2d13      1%          1
 Cigotuvi's Dreadful Rot  Necr/Pois/Air  100%       N/A       1%          2
 Ensorcelled Hibernation  Hex/Ice        100%       N/A       1%          2
 Momentum Strike          Conj/Tloc      100%       3d10      1%          2
 Passwall                 Tmut/Erth      73%        N/A       1%          2
 Wereblood                Tmut           88%        N/A       1%          2
 Confusing Touch          Hex            88%        N/A       1%          3
 Hailstorm                Conj/Ice       88%        3d18      1%          3
 Ignite Poison            Fire/Tmut/Pois 90%        N/A       1%          3
 Inner Flame              Hex/Fire       91%        N/A       1%          3
 Kindle Blastsparks       Fire/Tloc/Air  100%       2d18      1%          3
 Mephitic Cloud           Conj/Pois/Air  88%        N/A       1%          3
 Spider Form              Tmut/Pois      88%        N/A       1%          3
 Summon Guardian Golem    Hex/Summ       88%        N/A       1%          3
 Swiftness                Air            88%        N/A       1%          3
 Tukima's Dance           Hex            88%        N/A       1%          3
 Animate Armour           Summ/Erth      100%       N/A       1%          4
 Animate Dead             Necr           88%        N/A       1%          4
 Cause Fear               Hex            44%        N/A       1%          4
 Flame Wave               Conj/Fire      91%        2d19      1%          4
 Ice Form                 Ice/Tmut       88%        N/A       1%          4
 Manifold Assault         Tloc           88%        N/A       1%          4
 Olgreb's Toxic Radiance  Pois           88%        N/A       1%          4
 Blade Hands              Tmut           44%        N/A       1%          5
 Iskenderun's Battlesphe  Conj           89%        2d14      1%          5
 Summon Mana Viper        Hex/Summ       88%        N/A       1%          5
 Dispersal                Tloc           44%        N/A       3%          6
 Simulacrum               Ice/Necr       44%        N/A       3%          6
 Orb of Destruction       Conj           44%        9d12      16%         7
 Spellforged Servitor     Conj/Summ      44%        N/A       16%         7
 Haunt                    Necr/Summ      44%        N/A       17%         7
 Malign Gateway           Summ/Tloc      44%        N/A       17%         7
 Ozocubu's Refrigeration  Ice            44%        4d17      17%         7
 Ignition                 Fire           47%        3d13      56%         8
 Discord                  Hex            44%        N/A       78%         8
 Disjunction              Tloc           44%        N/A       78%         8
 Infestation              Necr           44%        N/A       78%         8


Dungeon Overview and Level Annotations

Branches:
Dungeon (15/15)            Temple (0/1) D:6            Lair (5/5) D:10
 Shoals (0/4) Lair:2       Spider (1/4) Lair:3        Slime (0/5) Lair:4
    Orc (2/2) D:10            Elf (0/3) Orc:2        Vaults (0/5) D:13
 Depths (0/4) D:15        Ossuary (visited)         Gauntlet (visited)

Altars:
Ashenzari
Cheibriados
Elyvilon
Gozag
Kikubaaqudgha
Qazlal
Ru
Sif Muna
Trog
Vehumet
Xom
The Shining One
Jiyva

Shops:
D:10 *?   Orc:2 :[*(

Annotations:
D:11 2 transporters, 112233's ghost, journeyman FoHs


Innate Abilities, Weirdness & Mutations

You have very sharp teeth.
Your uncanny sense of smell can sniff out nearby items.
Your experience applies equally to all skills.


Message History

Confirm with . or Enter, or press ? or * to list all spells.
You don't have enough magic to cast this spell.
Okay, then.
You hit the demonic crawler but do no damage.
The demonic crawler is heavily wounded.
The demonic crawler misses you. x2
The demonic crawler completely misses you.
You hit the demonic crawler but do no damage.
The demonic crawler is heavily wounded.
The demonic crawler hits you!!
* * * LOW HITPOINT WARNING * * *
The demonic crawler completely misses you.
The demonic crawler misses you.
The demonic crawler hits you but does no damage.
The demonic crawler completely misses you. x2
Your magical contamination has completely faded away.
Casting: Scorch (safe; 0% risk of failure)
Confirm with . or Enter, or press ? or * to list all spells.
You blink.
Found a book of Cantrips.
Aiming: Corrosive Bolt
Press: ? - help, Shift-Dir - straight line, f/p - demonic crawler
Aim: a demonic crawler (moderately wounded, berserk, 89% to hit)
The bolt of acid misses the demonic crawler.
Casting: Blink (safe; 1% risk of failure)
Confirm with . or Enter, or press ? or * to list all spells.
You don't have enough magic to cast this spell.
You feel much better. The demonic crawler misses you.
The demonic crawler barely misses you. The demonic crawler hits you!
* * * LOW HITPOINT WARNING * * *
The demonic crawler hits you!
* * * LOW HITPOINT WARNING * * *
The demonic crawler hits you!
* * * LOW HITPOINT WARNING * * *
The demonic crawler completely misses you.
Blink to where?
Press: ? - help, Dir - move target, p - demonic crawler
As you read the scroll of blinking, it crumbles to dust.
The demonic crawler closely misses you. The demonic crawler barely misses you.
The demonic crawler hits you!
You die...

... ##......#∆
.... #......#
#...#......#
.#...^....!.##
.......§.....#
.......†††.§.###
.....#...†††.°.#
#... #:.##†s..#
#.. ######.@.#
.. ##### .


You could see a demonic crawler (berserk).

Vanquished Creatures
  Kirke (Lair:5)
  An orc warlord (Orc:2)
  A minotaur (Gauntlet)
  Josephine (D:11)
  A fire dragon (D:15)
  7 hydras
  6 centaur warriors
  A catoblepas (Lair:5)
  2 two-headed ogres (D:13)
  5 boulder beetles
  Urug (D:13)
  An orc high priest (Orc:2)
  Sonja (Lair:5)
  A fire crab (Lair:5)
  A skyshark (Lair:5)
  2 wizards (D:15)
  4 deep elf zephyrmancers
  2 swamp dragons (Lair:4)
  3 orc knights (Orc:2)
  2 wolf spiders
  A necromancer (D:15)
  2 moths of wrath
  5 orc sorcerers (Orc:2)
  The ghost of Kiciri the Ruffian, a novice OgMo of Nemelex Xobeh (D:8)
  A black mamba (shapeshifter) (D:13)
  4 cyclopes
  12 elephants
  Maurice (D:13)
  3 black mambas (Lair:4)
  14 cane toads
  A torpor snail (Lair:5)
  A centaur skeleton (D:15)
  A rime drake (shapeshifter) (D:15)
  A redback zombie (D:15)
  A tengu conjurer (D:15)
  11 komodo dragons
  An efreet (D:15)
  4 yaktaurs (D:15)
  2 ice devils (D:11)
  10 trolls
  3 tyrant leeches (Lair:5)
  2 hornets (D:8)
  A harpy skeleton (D:15)
  32 blink frogs
  A tarantella (Spider:1)
  A snapping turtle (Lair:2)
  3 dream sheep (Lair:5)
  17 slime creatures
  2 culicivoras (Spider:1)
  A jumping spider (Spider:1)
  5 shadows
  6 wraiths
  5 wyverns
  50 yaks
  16 humans (D:13)
  A hog (Lair:5)
  14 basilisks
  24 redbacks
  2 steam dragons (D:8)
  2 wargs (Orc:2)
  Menkaure (Ossuary)
  5 vampire mosquitoes (Lair:5)
  An acid dragon (D:12)
  16 water moccasins
  25 orc warriors
  4 black bears
  A swamp drake (D:10)
  A black bear (shapeshifter) (D:14)
  7 ogres
  14 wolves
  9 centaurs
  A phantom (D:10)
  17 bullfrogs
  A gnoll sergeant (D:6)
  5 scorpions
  10 wights
  16 killer bees
  2 troll zombies (D:10)
  2 howler monkeys (D:9)
  3 electric eels
  3 hounds
  5 jellies
  23 orc priests
  4 iguanas
  24 orc wizards
  A sleepcap (D:4)
  7 hell rats (Lair:3)
  3 small abominations (Gauntlet)
  4 ogre zombies (D:10)
  3 mummies (Ossuary)
  8 adders
  6 gnolls (D:6)
  3 white imps
  3 worms
  3 dart slugs
  58 orcs
  12 endoplasms
  4 giant cockroaches
  4 goblins
  6 hobgoblins
  4 jackals (D:1)
  5 kobolds
  6 quokkas
  4 ball pythons
  3 bats
  3 frilled lizards
  6 gnoll skeletons (Ossuary)
  4 gnoll zombies (Ossuary)
  3 goblin skeletons
  9 goblin zombies
  6 hobgoblin skeletons
  5 hobgoblin zombies
  6 kobold skeletons (Ossuary)
  3 kobold zombies (Ossuary)
  6 orc skeletons
  16 orc zombies
  4 rats
  3 rat skeletons (Ossuary)
  2 rat zombies (Ossuary)
732 creatures vanquished.

Vanquished Creatures (collateral kills)
  An oklob plant (Lair:5)
  2 elephants (Lair:5)
  A cane toad (Lair:5)
  A yak (Lair:5)
  A bullfrog (Lair:5)
  3 foxfires
9 creatures vanquished.

Vanquished Creatures (others)
  4 humans (Lair:5)
  A bullfrog (Lair:5)
  An orc (D:6)
  509 foxfires
  31 fungi
  125 plants
671 creatures vanquished.

Grand Total: 1412 creatures vanquished

Notes
Turn   | Place    | Note
-------+----------+-------------------------------------------
     0 | D:1      | Ijustatesigmund the Gnoll Fire Elementalist began the quest
                  | for the Orb.
     0 | D:1      | Reached XP level 1. HP: 13/13 MP: 6/6
   128 | D:1      | Reached XP level 2. HP: 9/19 MP: 0/7
   175 | D:1      | Learned a level 2 spell: Scorch
   665 | D:1      | Reached skill level 5 in Spellcasting
   665 | D:1      | Reached XP level 3. HP: 25/25 MP: 4/9
   944 | D:1      | Learned a level 2 spell: Poisonous Vapours
  1085 | D:2      | Reached skill level 1 in Invocations
  1156 | D:2      | Reached skill level 1 in Fighting
  1156 | D:2      | Reached skill level 1 in Short Blades
  1156 | D:2      | Reached skill level 1 in Long Blades
  1156 | D:2      | Reached skill level 1 in Axes
  1156 | D:2      | Reached skill level 1 in Maces & Flails
  1156 | D:2      | Reached skill level 1 in Polearms
  1156 | D:2      | Reached skill level 1 in Staves
  1156 | D:2      | Reached skill level 1 in Ranged Weapons
  1156 | D:2      | Reached skill level 1 in Throwing
  1156 | D:2      | Reached skill level 1 in Armour
  1156 | D:2      | Reached skill level 1 in Shields
  1156 | D:2      | Reached skill level 1 in Unarmed Combat
  1156 | D:2      | Reached skill level 1 in Evocations
  1458 | D:2      | Found a faded altar of an unknown god.
  1537 | D:2      | Reached XP level 4. HP: 32/32 MP: 7/11
  1595 | D:2      | Found Fuydekly's Vocational Training.
  2522 | D:3      | Reached skill level 1 in Hexes
  2522 | D:3      | Reached skill level 1 in Summonings
  2522 | D:3      | Reached skill level 1 in Necromancy
  2522 | D:3      | Reached skill level 1 in Translocations
  2522 | D:3      | Reached skill level 1 in Transmutations
  2522 | D:3      | Reached skill level 1 in Ice Magic
  2522 | D:3      | Reached skill level 1 in Air Magic
  2522 | D:3      | Reached skill level 1 in Earth Magic
  2522 | D:3      | Reached skill level 1 in Poison Magic
  2605 | D:3      | Reached XP level 5. HP: 37/37 MP: 4/12
  3495 | D:4      | Reached XP level 6. HP: 44/44 MP: 11/13
  3557 | D:4      | Found a broken altar of Ashenzari.
  3758 | D:4      | Reached skill level 5 in Dodging
  4483 | D:5      | Entered Level 5 of the Dungeon
  4512 | D:5      | Reached XP level 7. HP: 50/50 MP: 9/15
  4931 | D:5      | Reached skill level 5 in Stealth
  5283 | D:5      | Found a snail-covered altar of Cheibriados.
  5294 | D:5      | Became a worshipper of Cheibriados the Contemplative
  5652 | D:6      | Found a shimmering blue altar of Sif Muna.
  5699 | D:6      | Reached XP level 8. HP: 54/58 MP: 7/16
  6381 | D:6      | Reached * piety under Cheibriados
  6548 | D:6      | Found a staircase to the Ecumenical Temple.
  6553 | D:6      | Got the Omnibus of Dimensional Glamour
  6869 | D:6      | Identified the +6 quarterstaff of Causality {drain, rElec
                  | rPois Int+3}
  7065 | D:6      | Found an ancient bone altar of Kikubaaqudgha.
  7068 | D:6      | Found a sacrificial altar of Ru.
  7072 | D:6      | Found a shimmering altar of Xom.
  7073 | D:6      | Found a radiant altar of Vehumet.
  7074 | D:6      | Found a glowing golden altar of the Shining One.
  7076 | D:6      | Found a stormy altar of Qazlal.
  7290 | D:7      | Reached XP level 9. HP: 59/65 MP: 18/18
  7322 | D:7      | Found a sand-covered staircase.
  7326 | Ossuary  | Entered an ossuary
  7485 | Ossuary  | Reached ** piety under Cheibriados
  7811 | Ossuary  | Learned a level 3 spell: Frozen Ramparts
  7993 | Ossuary  | Noticed Menkaure
  8000 | Ossuary  | Killed Menkaure
  8168 | Ossuary  | Reached *** piety under Cheibriados
  8595 | D:7      | Found an opulent altar of Gozag.
  8896 | D:8      | Reached skill level 5 in Invocations
  8983 | D:8      | Noticed a hornet
  8988 | D:8      | Killed a hornet
  9064 | D:8      | Found a runed translucent gate.
  9064 | D:8      | Found a runed translucent gate.
  9064 | D:8      | Found a runed translucent gate.
  9065 | D:8      | Noticed Kiciri's ghost (novice OgMo)
  9082 | D:8      | Noticed a hornet
  9638 | D:8      | Found a bloodstained altar of Trog.
 10015 | D:8      | Killed a hornet
 10016 | D:8      | Reached skill level 5 in Fighting
 10016 | D:8      | Reached skill level 5 in Short Blades
 10016 | D:8      | Reached skill level 5 in Long Blades
 10016 | D:8      | Reached skill level 5 in Axes
 10016 | D:8      | Reached skill level 5 in Maces & Flails
 10016 | D:8      | Reached skill level 5 in Polearms
 10016 | D:8      | Reached skill level 5 in Staves
 10016 | D:8      | Reached skill level 5 in Ranged Weapons
 10016 | D:8      | Reached skill level 5 in Throwing
 10016 | D:8      | Reached skill level 5 in Armour
 10016 | D:8      | Reached skill level 5 in Shields
 10016 | D:8      | Reached skill level 5 in Unarmed Combat
 10016 | D:8      | Reached skill level 5 in Evocations
 10016 | D:8      | Reached XP level 10. HP: 74/74 MP: 11/20
 10330 | D:8      | Killed Kiciri's ghost
 10436 | D:9      | Reached **** piety under Cheibriados
 10442 | D:9      | Reached skill level 5 in Conjurations
 10897 | D:9      | Noticed a boulder beetle
 10907 | D:9      | Killed a boulder beetle
 11156 | D:9      | Found a white marble altar of Elyvilon.
 11360 | D:9      | Reached skill level 5 in Hexes
 11360 | D:9      | Reached skill level 5 in Summonings
 11360 | D:9      | Reached skill level 5 in Necromancy
 11360 | D:9      | Reached skill level 5 in Translocations
 11360 | D:9      | Reached skill level 5 in Transmutations
 11360 | D:9      | Reached skill level 5 in Ice Magic
 11360 | D:9      | Reached skill level 5 in Air Magic
 11360 | D:9      | Reached skill level 5 in Earth Magic
 11360 | D:9      | Reached skill level 5 in Poison Magic
 11360 | D:9      | Reached XP level 11. HP: 81/81 MP: 18/22
 11712 | D:10     | Entered Level 10 of the Dungeon
 11849 | D:10     | Reached ***** piety under Cheibriados
 11880 | D:10     | Found Pagitoff's Magic Scroll Emporium.
 11891 | D:10     | Bought 2 scrolls of identify for 48 gold pieces
 11891 | D:10     | Bought a scroll of teleportation for 36 gold pieces
 12270 | D:10     | Found a staircase to the Lair.
 12478 | D:10     | Found a staircase to the Orcish Mines.
 12696 | D:10     | Identified the +2 robe of the Trilobite {Contam rPois rC++
                  | Int+3}
 13082 | D:10     | Found Kiniphog's Gadget Gallery.
 13386 | D:11     | Found a transporter.
 13389 | D:11     | Noticed 112233's ghost (journeyman FoHs)
 13575 | D:11     | Noticed a centaur warrior
 13583 | D:11     | Killed a centaur warrior
 13762 | D:11     | Found a frozen archway.
 13802 | D:11     | Reached XP level 12. HP: 43/91 MP: 7/24
 14088 | D:11     | Found a transporter.
 14153 | D:11     | Learned a level 5 spell: Freezing Cloud
 14169 | D:11     | Noticed Josephine
 14201 | D:11     | Killed Josephine
 15137 | D:12     | Got the Reference Book on Relocation
 15141 | D:12     | Learned a level 2 spell: Blink
 15314 | D:12     | Reached ****** piety under Cheibriados
 15534 | D:12     | Noticed a boulder beetle
 15546 | D:12     | Killed a boulder beetle
 15759 | D:13     | Noticed a centaur warrior
 15775 | D:13     | Killed a centaur warrior
 15922 | D:13     | Found a gate to the Vaults.
 15922 | D:13     | Noticed a two-headed ogre
 15927 | D:13     | Killed a two-headed ogre
 16081 | D:13     | Noticed Maurice
 16086 | D:13     | Killed Maurice
 16087 | D:13     | Reached XP level 13. HP: 98/98 MP: 14/26
 16827 | D:13     | Noticed Urug
 16837 | D:13     | Killed Urug
 17793 | D:14     | Found a gate leading to a gauntlet.
 17807 | Gauntlet | Entered a Gauntlet
 17807 | Gauntlet | Found a transporter.
 17807 | Gauntlet | Found a transporter.
 17809 | Gauntlet | Found a runed translucent door.
 17811 | Gauntlet | Found a transporter.
 17813 | Gauntlet | Found a transporter.
 17815 | Gauntlet | Found a transporter.
 17815 | Gauntlet | Found a transporter.
 17862 | Gauntlet | Found a transporter.
 17862 | Gauntlet | Found a transporter.
 17866 | Gauntlet | Found a transporter.
 17867 | Gauntlet | Found a transporter.
 17967 | Gauntlet | Reached skill level 10 in Spellcasting
 18242 | Gauntlet | Found a transporter.
 18255 | Gauntlet | Found a transporter.
 18280 | Gauntlet | Noticed a minotaur
 18301 | Gauntlet | Killed a minotaur
 18333 | Gauntlet | Learned a level 4 spell: Dispel Undead
 18379 | D:14     | You fall into a shaft and drop 1 floor!
 18379 | D:15     | Entered Level 15 of the Dungeon
 18423 | D:15     | Noticed a fire dragon
 18433 | D:15     | Killed a fire dragon
 18451 | D:15     | Reached skill level 10 in Dodging
 18732 | D:15     | Found a flickering gateway to a bazaar.
 18741 | D:15     | Identified the +10 war axe "Wubonloi" {drain, *Corrode
                  | rPois rN+ Dex+2}
 18743 | Bazaar   | Entered a bazaar
 18841 | Bazaar   | Found Cuitukimesk's Book Shoppe.
 18871 | Bazaar   | Found Bemafrelal's Assorted Antiques.
 18879 | Bazaar   | Bought a twisted scale mail for 252 gold pieces
 18879 | Bazaar   | Identified the +4 scale mail "Uxkyev" {Dex+3} (You bought
                  | it in a shop in a bazaar)
 18907 | Bazaar   | Found Muttid's Jewellery Shoppe.
 18937 | Bazaar   | Found Saripobb's Book Shoppe.
 19215 | D:15     | Identified the +6 leather armour "Vepsan" {Dex+3 Slay+4}
 19339 | D:15     | Reached skill level 10 in Stealth
 19342 | D:15     | Found a staircase to the Depths.
 19811 | Lair:1   | Entered Level 1 of the Lair of Beasts
 19843 | Lair:1   | Reached XP level 14. HP: 108/108 MP: 28/28
 19848 | Lair:1   | Reached skill level 10 in Invocations
 19910 | Lair:1   | Found a transporter.
 19913 | Lair:1   | Found a transporter.
 20180 | Lair:1   | Found a dark tunnel.
 21481 | Lair:2   | Found a staircase to the Shoals.
 21641 | Lair:3   | Found a hole to the Spider Nest.
 22143 | Lair:3   | Identified the +5 ring mail of Watchfulness {MP+9 Str+5
                  | Int+2 Dex-4}
 23114 | Lair:4   | Reached skill level 10 in Fire Magic
 23172 | Lair:4   | Found a viscous altar of Jiyva.
 23172 | Lair:4   | Found a staircase to the Slime Pits.
 23278 | Lair:4   | Found a transporter.
 23313 | Lair:4   | Found a transporter.
 23357 | Lair:4   | Identified the +1 cloak "Utyshras" {rElec Int+3 SInv
                  | Stlth+}
 23812 | Lair:5   | Entered Level 5 of the Lair of Beasts
 23826 | Lair:5   | Reached skill level 10 in Fighting
 23826 | Lair:5   | Reached skill level 10 in Short Blades
 23826 | Lair:5   | Reached skill level 10 in Long Blades
 23826 | Lair:5   | Reached skill level 10 in Axes
 23826 | Lair:5   | Reached skill level 10 in Maces & Flails
 23826 | Lair:5   | Reached skill level 10 in Polearms
 23826 | Lair:5   | Reached skill level 10 in Staves
 23826 | Lair:5   | Reached skill level 10 in Ranged Weapons
 23826 | Lair:5   | Reached skill level 10 in Throwing
 23826 | Lair:5   | Reached skill level 10 in Armour
 23826 | Lair:5   | Reached skill level 10 in Shields
 23826 | Lair:5   | Reached skill level 10 in Unarmed Combat
 23826 | Lair:5   | Reached skill level 10 in Evocations
 23976 | Lair:5   | Reached XP level 15. HP: 115/115 MP: 30/30
 23993 | Lair:5   | Noticed Kirke
 24002 | Lair:5   | Learned a level 6 spell: Iron Shot
 24008 | Lair:5   | Killed Kirke
 24199 | Lair:5   | Noticed Sonja
 24205 | Lair:5   | Killed Sonja
 25486 | Orc:1    | Entered Level 1 of the Orcish Mines
 25604 | Orc:2    | Entered Level 2 of the Orcish Mines
 25605 | Orc:2    | Found a staircase to the Elven Halls.
 25607 | Orc:2    | Paralysed by an orc sorcerer for 4 turns
 26584 | Orc:2    | Noticed an orc warlord
 26606 | Orc:2    | Killed an orc warlord
 26775 | Orc:2    | Found Emylepsel's Antique Armour Shoppe.
 26917 | Orc:2    | Found Yfyf's Book Shoppe.
 27141 | Orc:2    | Found Zamanul's General Store.
 27175 | Orc:2    | Found Ynionat's Antique Weapon Shoppe.
 27448 | D:2      | Bought a manual of Evocations for 880 gold pieces
 27448 | D:2      | Bought a manual of Invocations for 880 gold pieces
 27730 | Spider:1 | Entered Level 1 of the Spider Nest
 27790 | Spider:1 | Slain by a demonic crawler

Illustrated notes

Levels and vault maps discovered:
D:1:      dpeg_arrival_prison, layout_rooms
D:2:      layout_rooms, ebering_ecumenical_altar_abandoned,
          nicolae_shop_vocational
D:3:      layout_basic
D:4:      layout_loops_ring, mainiacjoe_overflow_cross_hatched,
          grunt_decor_one_mirror
D:5:      layout_basic, chei_slow_surprise
D:6:      layout_rooms, minitemple, general_overflow_altar,
          minmay_temple_entry_offerings, serial_bayou_lagoon_a,
          kennysheep_generic_room_13
D:7:      layout_loops_ring, nicolae_gozag_cash_rules_everything_around_me,
          lightli_ossuary_entry_decrepit_ruins
D:8:      layout_basic, kennysheep_little_box, gammafunk_ghost_split
D:9:      layout_gridville, amcnicky_altar_gilded
D:10:     layout_irregular_city, erik_lair_dragon, zombieorc1_lemuel,
          serial_shops, nicolae_shop_hallway_plus, nicolae_shop_gadgets
D:11:     layout_roguey, gammafunk_ghost_stat_death,
          portal_ice_cave_demonic_guard, uniq_josephine
D:12:     layout_irregular_city, billiards_dpeg
D:13:     layout_basic, david_vaults_3, uniq_maurice
D:14:     layout_gridville, gauntlet_entry_generic, st_stairs_7,
          fake_guardian_serpent_vault
D:15:     grunt_enter_depths_magical_seal, layout_loops_ring,
          minmay_stone_trees_medium, serial_shops, bzr_entry_water
Lair:1:   gammafunk_boulding_lane, layout_chaotic_city, enter_volcano_4
Lair:2:   layout_chaotic_city, minmay_shoals_entry_hut,
          chequers_serial_rivers_micro_d, grunt_megastairs_2
Lair:3:   layout_layer_cave, spider_nest_entry_webs, serial_forest,
          infiniplex_forest_lined_2, infiniplex_forest_clump_cross,
          infiniplex_forest_end_2, infiniplex_forest_lined_room_3,
          infiniplex_forest_lined_ring, infiniplex_forest_lined_2,
          infiniplex_forest_lined_room_2, infiniplex_forest_straight_2,
          kennysheep_basilisk_garden, grunt_megastairs_1, lemuel_fruit_tree
Lair:4:   gammafunk_cloud_chamber, layout_regular_city,
          dpeg_slime_entry_enclosed, grunt_megastairs_3, uniq_urug
Lair:5:   minmay_lair_end_frog_pond, layout_cave_pods,
          chequers_serial_rivers_small_b, uniq_kirke, uniq_sonja
Spider:1: layout_spider_delve, drop_trap, hellmonk_motheaten_closet,
          uniq_rupert, uniq_frances
Orc:1:    layout_caves
Orc:2:    grunt_orc_cross, layout_caves, minmay_orc_temple_a

Skill      XL: |  1  2  3  4  5  6  7  8  9 10 11 12 13 14 15 |
---------------+----------------------------------------------+-----
Conjurations   | 2 3 4 5 6 7 8 9 |  9.4
Spellcasting   | 5 6 7 8 9 10 11 | 11.9
Invocations    | 1 2 3 4 5 6 7 8 9 10 11 | 11.9
Fighting       | 1 2 3 5 6 7 8 9 10 | 10.9
Short Blades   | 1 2 3 5 6 7 8 9 10 | 10.9
Long Blades    | 1 2 3 5 6 7 8 9 10 | 10.9
Axes           | 1 2 3 5 6 7 8 9 10 | 10.9
Maces & Flails | 1 2 3 5 6 7 8 9 10 | 10.9
Polearms       | 1 2 3 5 6 7 8 9 10 | 10.9
Staves         | 1 2 3 5 6 7 8 9 10 | 10.9
Ranged Weapons | 1 2 3 5 6 7 8 9 10 | 10.9
Throwing       | 1 2 3 5 6 7 8 9 10 | 10.9
Armour         | 1 2 3 5 6 7 8 9 10 | 10.9
Shields        | 1 2 3 5 6 7 8 9 10 | 10.9
Unarmed Combat | 1 2 3 5 6 7 8 9 10 | 10.9
Evocations     | 1 2 3 5 6 7 8 9 10 11 | 11.0
Hexes          | 1 2 3 4 5 6 7 8 9 |  9.1
Summonings     | 1 2 3 4 5 6 7 8 9 |  9.1
Necromancy     | 1 2 3 4 5 6 7 8 9 |  9.1
Translocations | 1 2 3 4 5 6 7 8 9 |  9.1
Transmutations | 1 2 3 4 5 6 7 8 9 |  9.1
Ice Magic      | 1 2 3 4 5 6 7 8 9 |  9.1
Air Magic      | 1 2 3 4 5 6 7 8 9 |  9.1
Earth Magic    | 1 2 3 4 5 6 7 8 9 |  9.1
Poison Magic   | 1 2 3 4 5 6 7 8 9 |  9.1
Dodging        | 5 6 7 8 9 10 11 | 11.8
Stealth        | 5 6 7 8 9 10 11 | 11.6
Fire Magic     | 6 7 8 9 10 | 10.7

Action                     |  1- 3 |  4- 6 |  7- 9 | 10-12 | 13-15 || total
---------------------------+-------+-------+-------+-------+-------++-------
  Melee: Unarmed           |     2 |       |       |       |       ||     2
         Dagger            |    12 |     4 |       |       |       ||    16
         Bite              |     1 |     1 |    15 |    62 |   138 ||   217
         Quarterstaff      |       |     5 |   132 |   396 |    89 ||   622
         Pair of quick bla |       |       |       |       |   701 ||   701
         Eveningstar       |       |       |       |       |     4 ||     4
   Cast: Foxfire           |    81 |    70 |   106 |    42 |    11 ||   310
         Scorch            |     2 |    21 |    45 |    49 |    26 ||   143
         Poisonous Vapours |     1 |    16 |    45 |    38 |    29 ||   129
         Frozen Ramparts   |       |       |       |    22 |    14 ||    36
         Freezing Cloud    |       |       |       |     9 |    43 ||    52
         Blink             |       |       |       |       |     5 ||     5
         Iron Shot         |       |       |       |       |     8 ||     8
 Invoke: Temporal Distorti |       |       |       |       |     1 ||     1
  Evoke: Wand              |       |       |       |       |    12 ||    12
    Use: Scroll            |     4 |     8 |     7 |     7 |     9 ||    35
         Potion            |     1 |       |     1 |     6 |     6 ||    14
   Stab: Sleeping          |       |       |     6 |     9 |    33 ||    48
         Distracted        |       |       |       |     2 |     2 ||     4
         Invisible         |       |       |       |       |     1 ||     1
         Betrayed ally     |       |       |       |       |     1 ||     1
 Armour: Robe              |     8 |     2 |     7 |       |       ||    17
         Steam dragon scal |       |       |       |    73 |    10 ||    83
         Leather armour    |       |       |       |       |   147 ||   147
  Dodge: Dodged            |    48 |    34 |   156 |   482 |   653 ||  1373
  Block: Buckler           |       |       |       |       |     5 ||     5
         Other             |       |       |       |       |   123 ||   123
         Reflection        |       |       |       |       |     5 ||     5

Table legend: (Time is in decaauts)
 A = Elapsed time spent in this place.
 B = Non-inter-level travel time spent in this place.
 C = Inter-level travel time spent in this place.
 D = Time resting spent in this place.
 E = Time spent auto-exploring this place.
 F = Levels seen in this place.
 G = Mean time per level.
                   A        B        C        D        E       F      G
               +--------+--------+--------+--------+--------+-----+--------+
         Total |  38062 |  35737 |   2325 |   6527 |  23113 |  26 | 1463.9 |
       Dungeon |  23793 |  21990 |   1803 |   4817 |  13710 |  15 | 1586.2 |
          Lair |   9226 |   8850 |    376 |    566 |   6728 |   5 | 1845.2 |
   Spider Nest |     51 |     51 |      0 |      0 |      0 |   1 |   51.0 |
  Orcish Mines |   2552 |   2408 |    144 |    660 |   1387 |   2 | 1276.0 |
        Bazaar |    779 |    779 |      0 |      0 |    732 |   1 |  779.0 |
       Ossuary |   1028 |   1028 |      0 |    168 |    541 |   1 | 1028.0 |
      Gauntlet |    630 |    630 |      0 |    316 |     14 |   1 |  630.0 |
               +--------+--------+--------+--------+--------+-----+--------+

Top non-repeatable levels by time:
    D:10: 2882 daAuts
     D:8: 2483 daAuts
    D:13: 2450 daAuts
  Lair:3: 2304 daAuts
  Lair:5: 2285 daAuts
    D:12: 1864 daAuts
     D:6: 1828 daAuts
   Orc:2: 1669 daAuts
  Lair:2: 1652 daAuts
     D:9: 1586 daAuts
    D:11: 1542 daAuts
  Lair:1: 1535 daAuts
     D:4: 1494 daAuts
    D:15: 1488 daAuts
  Lair:4: 1448 daAuts
